 Dungeon Crawl Stone Soup version 0.17.1-1-g73c8601 (webtiles) character file.

3047 ricardofg the Magician (level 9, 0/52 HPs)
             Began as a Gargoyle Earth Elementalist on Mar 6, 2016.
             Was a Believer of Vehumet.
             Slain by an orc warrior
             ... wielding a +0 trident
              (15 damage)
             ... on level 6 of the Dungeon.
             The game lasted 00:45:21 (7714 turns).

ricardofg the Magician (GrEE)                       Turns: 7714, Time: 00:45:21

Health: 0/52       AC: 10    Str: 15    XL:     9   Next: 87%
Magic:  1/20       EV: 19    Int: 19    God:    Vehumet [**....]
Gold:   217        SH:  0    Dex: 17    Spells: 4 memorised, 12 levels left

rFire  . . .     SeeInvis .     b - 88 stones
rCold  . . .     Clarity  .     e - +0 robe
rNeg   + . .     SustAt   .     (no shield)
rPois  ∞         Gourm    .     L - +0 helmet of the Suburbs {Dex+2} (curse)
rElec  +         Spirit   .     (no cloak)
rCorr  .         Warding  .     i - +0 pair of gloves
rMut   .         Stasis   .     (no boots)
MR     .....                    (no amulet)
Stlth  +++.......               j - +3 ring of strength
                                w - +5 ring of slaying

@: agile, not resistant to hostile enchantments, fairly stealthy
A: negative energy resistance 1, electricity resistance, unbreathing,
petrification resistance, rot immunity, AC +5
a: Renounce Religion


You were on level 6 of the Dungeon.
You worshipped Vehumet.
Vehumet was pleased with you.
You were hungry.

You visited 2 branches of the dungeon, and saw 7 of its levels.

You collected 217 gold pieces.

Inventory:

Hand Weapons
 f - a +0 dire flail
 g - a +0 dagger
 I - a +0 whip
Missiles
 b - 88 stones (in hand)
Armour
 a - a +0 robe
 e - a +0 robe (worn)
 i - a +0 pair of gloves (worn)
 H - a +0 robe
 L - the cursed +0 helmet of the Suburbs (worn) {Dex+2}
   (You found it on level 6 of the Dungeon)

   It affects your dexterity (+2).
   It has a curse placed upon it.
Magical Staves
 E - an uncursed staff of fire
Jewellery
 j - a +3 ring of strength (right hand)
 n - a +2 ring of dexterity
 w - a +5 ring of slaying (left hand)
Wands
 q - a wand of slowing (14)
 v - a wand of cold (6)
 z - a wand of cold (6)
 J - a wand of disintegration (8)
Scrolls
 k - 2 scrolls of fog
 r - 2 scrolls of enchant armour
 y - a scroll of random uselessness {unknown}
 B - a scroll of immolation {unknown}
 C - a scroll of recharging {unknown}
 D - a scroll of noise {unknown}
 K - 2 scrolls of remove curse
Potions
 l - a potion of brilliance {unknown}
 o - a potion of might {unknown}
 p - a potion of curing
 s - a potion of lignification {unknown}
 u - a potion of magic {unknown}
 A - a potion of cancellation {unknown}
 F - a potion of ambrosia {unknown}
 G - a potion of berserk rage {unknown}
Books
 c - a book of Geomancy

   Spells                             Type                      Level
   a - Sandblast                      Earth                        1
   b - Stoneskin                      Transmutation/Earth          2
   c - Passwall                       Transmutation/Earth          3
   d - Stone Arrow                    Conjuration/Earth            3
   e - Petrify                        Transmutation/Earth          4
   f - Lee's Rapid Deconstruction     Earth                        5
 t - a book of the Warp

   Spells                             Type                      Level
   a - Recall                         Summoning/Translocation      3
   b - Gell's Gravitas                Hexes/Translocation          3
   c - Force Lance                    Conjuration/Translocation    4
   d - Phase Shift                    Translocation                5
   e - Warp Weapon                    Charms/Translocation         5
   f - Summon Forest                  Summoning/Translocation      5
Comestibles
 d - 5 bread rations
 x - a slice of pizza


   Skills:
 + Level 3.7 Fighting
 + Level 3.1 Staves
 + Level 3.4 Armour
 + Level 3.2 Dodging
 - Level 2.1 Stealth
 * Level 7.6 Spellcasting
 + Level 5.3 Conjurations
 - Level 0.7 Transmutations
 + Level 7.5 Earth Magic
 + Level 2.7 Evocations


You had 12 spell levels left.
You knew the following spells:

 Your Spells              Type           Power        Failure   Level  Hunger
a - Sandblast             Erth           #####.       1%          1    None
b - Stone Arrow           Conj/Erth      ####..       1%          3    #......
c - Stoneskin             Trmt/Erth      ###.....     2%          2    None
d - Lee's Rapid Deconstr  Erth           #####.....   14%         5    #####..


Dungeon Overview and Level Annotations

Branches:
Dungeon (6/15)             Temple (1/1) D:4

Altars:
Ashenzari
Cheibriados
Dithmenos
Elyvilon
Fedhas
Kikubaaqudgha
Makhleb
Nemelex Xobeh
Okawaru
Qazlal
Ru
Sif Muna
Trog
Vehumet
Xom
Yredelemnul
Zin
The Shining One


Innate Abilities, Weirdness & Mutations

You are resistant to torment.
Your stone body is resilient (AC +5).
You are immune to poison.
You resist negative energy.
You are resistant to electric shocks.
You can survive without breathing.
You are immune to petrification.
You are immune to rotting.


Message History

Press: ? - help, Shift-Dir - straight line, f/p - yak
Aim: a yak The stone arrow misses the orc warrior.
The stone arrow misses the yak.
The orc warrior barely misses you.
Casting: Stone Arrow
Confirm with . or Enter, or press ? or * to list all spells.
You don't have enough magic to cast that spell.
Casting: Stone Arrow
Confirm with . or Enter, or press ? or * to list all spells.
Aiming: Sandblast
Press: ? - help, Shift-Dir - straight line, f/p - yak
Aim: a yak The rocky blast misses the orc warrior.
The rocky blast hits the yak.
The yak is moderately wounded.
The orc warrior hits you from afar with a trident!
* * * LOW HITPOINT WARNING * * *
Drink which item? (? for menu, Esc to quit)
You feel agile all of a sudden.
The orc warrior hits you from afar with a trident!
You die...

#............
...
#............
....
#............
#...###
##......###..#
#....$.
#..###### #...
....( ##.##
#..# .o.
###..# #
#o###...##
#Yo.@.### #.#
####### #..
###


You could see a yak, an orc warrior and an orc.

Vanquished Creatures
  A hill giant (D:6)
  Grinder (D:5)
  Sigmund (D:5)
  4 yaks (D:6)
  Edmund (D:5)
  A phantom (D:4)
  Duvessa (D:4)
  A black bear (D:6)
  2 ogres
  A centaur (D:4)
  A giant frog (D:6)
  Dowan (D:4)
  2 hounds
  3 crimson imps
  3 orc priests
  2 giant frog skeletons
  4 orc wizards
  2 centaur skeletons
  An iguana (D:5)
  A worker ant (D:4)
  A hound zombie (D:5)
  2 hound skeletons
  3 gnolls (D:6)
  14 adders
  2 shadow imps (D:6)
  An adder skeleton (D:4)
  2 worms
  6 giant geckos
  28 orcs
  3 giant cockroaches
  9 hobgoblins
  6 jackals
  5 quokkas
  5 ball pythons
  9 bats
  A giant gecko skeleton (D:4)
  4 giant newts
  7 goblins
  2 jackal skeletons (D:4)
  7 kobolds
  A quokka skeleton (D:4)
  A quokka zombie (D:5)
  6 rats
159 creatures vanquished.

Notes
Turn   | Place    | Note
--------------------------------------------------------------
     0 | D:1      | ricardofg the Gargoyle Earth Elementalist began the quest for the Orb.
     0 | D:1      | Reached XP level 1. HP: 10/10 MP: 3/3
   728 | D:1      | Reached XP level 2. HP: 15/15 MP: 3/5
  1239 | D:2      | Found a sacrificial altar of Ru.
  1486 | D:2      | Reached skill level 4 in Earth Magic
  1595 | D:2      | Reached XP level 3. HP: 19/19 MP: 7/7
  1650 | D:2      | Learned a level 3 spell: Stone Arrow
  1948 | D:2      | Reached XP level 4. HP: 15/24 MP: 0/9
  2062 | D:2      | Learned a level 2 spell: Stoneskin
  2066 | D:2      | Found a sacrificial altar of Ru.
  2528 | D:2      | Reached skill level 1 in Conjurations
  2842 | D:3      | Reached XP level 5. HP: 21/28 MP: 5/11
  3363 | D:3      | Found a shattered altar of Ashenzari.
  3624 | D:4      | Reached XP level 6. HP: 32/32 MP: 12/12
  3634 | D:4      | Learned a level 5 spell: Lee's Rapid Deconstruction
  3663 | D:4      | Reached skill level 5 in Earth Magic
  3828 | D:4      | Noticed Duvessa
  3879 | D:4      | Found a staircase to the Ecumenical Temple.
  3897 | Temple   | Entered the Ecumenical Temple
  3906 | Temple   | Became a worshipper of Vehumet
  4216 | D:4      | Noticed a phantom
  4271 | D:4      | Killed a phantom
  4271 | D:4      | Reached skill level 5 in Spellcasting
  4608 | D:4      | Found a glowing golden altar of the Shining One.
  4613 | D:4      | Noticed a centaur
  4624 | D:4      | Killed a centaur
  4624 | D:4      | Reached XP level 7. HP: 20/36 MP: 7/15
  5071 | D:4      | Noticed Dowan
  5077 | D:4      | Killed Duvessa
  5084 | D:4      | Killed Dowan
  5222 | D:4      | Reached skill level 6 in Spellcasting
  5469 | D:5      | Entered Level 5 of the Dungeon
  5475 | D:5      | Reached * piety under Vehumet
  5475 | D:5      | Offered knowledge of Freeze by Vehumet.
  5592 | D:5      | Found a bloodstained altar of Trog.
  5596 | D:5      | Noticed Sigmund
  5627 | D:5      | Killed Sigmund
  5627 | D:5      | Reached skill level 1 in Fighting
  5627 | D:5      | Reached skill level 1 in Armour
  5627 | D:5      | Reached XP level 8. HP: 12/43 MP: 4/17
  5861 | D:5      | Noticed Grinder
  5874 | D:5      | Killed Grinder
  5874 | D:5      | Reached skill level 1 in Staves
  5874 | D:5      | Reached skill level 1 in Evocations
  6278 | D:5      | Noticed Edmund
  6304 | D:5      | Killed Edmund
  6818 | D:6      | Found a burning altar of Makhleb.
  6822 | D:6      | Found a shadowy altar of Dithmenos.
  6828 | D:6      | Reached XP level 9. HP: 49/49 MP: 14/19
  7086 | D:6      | Reached skill level 7 in Spellcasting
  7220 | D:6      | Found an ancient bone altar of Kikubaaqudgha.
  7365 | D:6      | Noticed a hill giant
  7381 | D:6      | Killed a hill giant
  7381 | D:6      | Reached skill level 5 in Conjurations
  7385 | D:6      | Reached ** piety under Vehumet
  7526 | D:6      | Offered knowledge of Magic Dart by Vehumet.
  7608 | D:6      | Got a polished helmet
  7614 | D:6      | Identified the cursed +0 helmet of the Suburbs {Dex+2} (You found it on level 6 of the Dungeon)
  7714 | D:6      | Slain by an orc warrior

Action                   |  1- 3 |  4- 6 |  7- 9 || total
-------------------------+-------+-------+-------++-------
Melee: Dagger            |    88 |   182 |       ||   270
       Staff             |       |    15 |   119 ||   134
 Cast: Sandblast         |    35 |    68 |   177 ||   280
       Stoneskin         |       |     2 |    10 ||    12
       Stone Arrow       |       |     2 |    10 ||    12
  Use: Scroll            |     1 |     6 |     2 ||     9
       Potion            |       |       |     5 ||     5
 Stab: Sleeping          |     4 |     3 |     1 ||     8
  Eat: Chunk             |     2 |     7 |     8 ||    17
       Beef jerky        |     1 |     1 |     1 ||     3
